 Dungeon Crawl Stone Soup version 0.30.1-3-gfc49f6343a (webtiles) character file.

Game seed: 11494781535902921911

29313 Peloso the Carver (level 13, -16/117 HPs)
             Began as a Minotaur Fighter on Aug 5, 2023.
             Was a High Priest of Okawaru.
             Killed from afar by Frances (23 damage)
             ... with a shard of ice
             ... on level 12 of the Dungeon.
             The game lasted 00:30:40 (12994 turns).

Peloso the Carver (Minotaur Fighter)               Turns: 12994, Time: 00:30:41

Health: -16/117    AC: 21    Str: 26    XL:     13   Next: 14%
Magic:  11/11      EV: 15    Int: 10    God:    Okawaru [*****.]
Gold:   688        SH: 21    Dex: 30    Spells: 12/12 levels left

rFire   + . .        a - +2 falchion of Conformity {freeze, *Rage rElec rF+ Dex+9}
rCold   . . .        d - +0 kite shield "Gaura" {rCorr Int+5 Dex+2 Slay+3}
rNeg    . . .        z - +6 scale mail "Pocairche" {*Slow +Inv Regen+ Dex-2}
rPois   +            (helmet restricted)
rElec   +            V - +2 cloak {Will+}
rCorr   +            (no gloves)
SInv    +            l - +1 pair of boots of the Shore {rElec rPois Str+3 Dex+2 SInv}
Will    +....        F - amulet of reflection
Stlth   +            g - +6 ring of dexterity
HPRegen 1.19/turn    I - ring of resist corrosion
MPRegen 0.12/turn

%: random rage (20%), slow self (1%), reflection
@: on berserk cooldown, slowed, very slow
A: horns 2, retaliatory headbutt, low MP 1
a: Renounce Religion, Evoke Invisibility, Heroism, Finesse, Duel


You were on level 12 of the Dungeon.
You worshipped Okawaru.
Okawaru was extremely pleased with you.
You visited 3 branches of the dungeon, and saw 15 of its levels.
You also visited: Gauntlet.

You collected 688 gold pieces.

Inventory:

Hand Weapons
 a - the +2 falchion of Conformity (weapon) {freeze, *Rage rElec rF+ Dex+9}
   (You found it on level 4 of the Dungeon)

   Dex:       It affects your dexterity (+9).
   rF:        It protects you from fire.
   rElec:     It insulates you from electricity.
   *Rage:     It berserks you when you make melee attacks (+20% chance).
 b - a +5 spear of flaming
 c - a +0 long sword of flaming
Armour
 d - the +0 kite shield "Gaura" (worn) {rCorr Int+5 Dex+2 Slay+3}
   (Okawaru gifted it to you in a Gauntlet)

   Int:       It affects your intelligence (+5).
   Dex:       It affects your dexterity (+2).
   Slay:      It affects your accuracy & damage with ranged weapons and melee
   (+3).
   rCorr:     It protects you from acid and corrosion.
 l - the +1 pair of boots of the Shore (worn) {rElec rPois Str+3 Dex+2 SInv}
   (Okawaru gifted it to you on level 11 of the Dungeon)

   Str:       It affects your strength (+3).
   Dex:       It affects your dexterity (+2).
   rElec:     It insulates you from electricity.
   rPois:     It protects you from poison.
   SInv:      It lets you see invisible.
 x - the +2 cloak of the Thief {*Fog Slay-2 SInv Stlth+}
   (You found it in a Gauntlet)

   *Fog:      It may release a thick cloud of smoke when the wearer is hurt.
   Slay:      It affects your accuracy & damage with ranged weapons and melee
   (-2).
   SInv:      It lets you see invisible.
   Stlth:     It makes you more stealthy.
 z - the +6 scale mail "Pocairche" (worn) {*Slow +Inv Regen+ Dex-2}
   (You found it on level 11 of the Dungeon)

   Dex:       It affects your dexterity (-2).
   +Inv:      It lets you turn invisible.
   Regen:     It increases your rate of health regeneration.
   *Slow:     It may slow you when you take damage.
 D - a +1 cloak
 P - the +4 kite shield "Hajash" {Str+4}
   (You found it in a Gauntlet)

   Str:       It affects your strength (+4).
 Q - the +7 chain mail of Patience {rPois rC- Dex+8}
   (Okawaru gifted it to you on level 1 of the Lair of Beasts)

   Dex:       It affects your dexterity (+8).
   rC:        It makes you vulnerable to cold.
   rPois:     It protects you from poison.
 U - +2 swamp dragon scales
 V - a +2 cloak of willpower (worn)
 W - the +0 pair of gloves of Ecaibuim {Rampage rElec}
   (You found it in a Gauntlet)

   rElec:     It insulates you from electricity.
   Rampage:   It bestows one free step when moving towards enemies.
Magical Staves
 y - the staff of poison "Xodel" {rPois Will+ Str+7 Dex+6}
   (You found it in a Gauntlet)

   [staff of poison]

   Base accuracy: +5 Base damage: 5 Base attack delay: 1.2 This weapon's minimum
   attack delay (0.6) is reached at skill level 12.
   Str:       It affects your strength (+7).
   Dex:       It affects your dexterity (+6).
   rPois:     It protects you from poison.
   Will:      It increases your willpower.
   It falls into the 'Staves' category.
   It is a one-handed weapon.
Jewellery
 g - a +6 ring of dexterity (left hand)
 m - an amulet of the acrobat
 u - a ring of wizardry
 B - a +6 ring of intelligence
 F - an amulet of reflection (around neck)
 I - a ring of resist corrosion (right hand)
 N - a ring of magical power
 O - a ring of willpower
 S - a +6 ring of dexterity
Wands
 o - a wand of roots (26)
 K - a wand of digging (8)
 M - a wand of polymorph (3)
Scrolls
 e - 2 scrolls of poison
 f - 3 scrolls of immolation
 k - 3 scrolls of blinking
 n - 2 scrolls of fog
 s - 3 scrolls of enchant weapon
 v - a scroll of noise
 A - 7 scrolls of teleportation
 G - 2 scrolls of magic mapping
 J - 2 scrolls of enchant armour
Potions
 h - 2 potions of brilliance
 i - 2 potions of invisibility
 j - a potion of might
 p - a potion of magic
 q - 3 potions of haste
 r - 5 potions of curing
 t - 2 potions of berserk rage
 w - 4 potions of lignification
 C - a potion of flight
 H - 3 potions of cancellation
 R - 2 potions of mutation {unknown}
 T - 8 potions of ambrosia
Miscellaneous
 E - a box of beasts
 L - a lightning rod (4/4)


   Skills:
 + Level 11.6 Fighting
 + Level 14.7 Long Blades
 + Level 12.8 Armour
 + Level 5.7 Dodging
 + Level 1.6 Stealth
 + Level 14.2 Shields
 + Level 1.8 Invocations


You had 12 spell levels left.
You didn't know any spells.
Your spell library contained the following spells:

 Spells                   Type           Power      Damage    Failure   Level
 Beastly Appendage        Tmut           0%         N/A       71%         1
 Blink                    Tloc           0%         N/A       85%         2
 Lesser Beckoning         Tloc           0%         N/A       85%         2
 Momentum Strike          Conj/Tloc      0%         3d8       85%         2
 Wereblood                Tmut           0%         N/A       85%         2
 Ozocubu's Armour         Ice            0%         N/A       97%         3
 Spider Form              Tmut/Pois      0%         N/A       97%         3
 Manifold Assault         Tloc           0%         N/A       100%        4
 Fireball                 Conj/Fire      0%         3d3       100%        5
 Iskenderun's Battlesphe  Conj           0%         2d6       100%        5
 Metabolic Englaciation   Hex/Ice        0%         N/A       100%        5
 Conjure Ball Lightning   Conj/Air       0%         3x3d6     100%        6
 Orb of Destruction       Conj           0%         9d5       100%        7
 Storm Form               Tmut/Air       0%         N/A       100%        7
 Simulacrum               Ice/Necr       Unusable   N/A       N/A         6

Dungeon Overview and Level Annotations

Branches:
Dungeon (12/15)            Temple (1/1) D:4            Lair (2/5) D:9
 Spider (0/4) Lair:2          Orc (0/2) D:12        Gauntlet (visited)
  Swamp: Lair:2-3    Shoals: Lair:2-3

Altars:
Dithmenos
Elyvilon
Gozag
Hepliaklqana
Kikubaaqudgha
Nemelex Xobeh
Okawaru
Qazlal
Trog
Uskayaw
Vehumet
Wu Jian
Xom
Yredelemnul
Zin
The Shining One

Shops:
D:6 (:   D:10 !

Annotations:
D:2 Dig
D:7 4 runed translucent doors, 2 transporters
D:9 1 runed translucent door, Peloso's ghost, novice MiFi
D:12 Frances
Lair:2 2 runed translucent doors, gabky's ghost, journeyman MiBe


Innate Abilities, Weirdness & Mutations

You have a pair of horns on your head.
You reflexively headbutt those who attack you in melee.
Your magical capacity is low. (-10% MP)


Message History

The neqoxec gestures at you.
Strange energies course through your body.
You feel less energetic. Frances misses you.
You closely miss Frances. You block Frances's attack.
You block the two-headed ogre's attack. x2
Frances hits you with a +3 dire flail!!
Unknown command.
You hit Frances. You freeze Frances. You headbutt Frances!
Frances is lightly wounded.
You block Frances's attack.
You block the two-headed ogre's attack. x2
The neqoxec hits you but does no damage.
Unknown command.
You hit Frances. You freeze Frances.
Frances is lightly wounded.
Frances says, "There is a strange beauty in the demonic, don't you think?"
Frances hits you with a +3 dire flail!
Frances chants phrases taken from a devil's mouth.
You completely miss Frances.
Frances is lightly wounded.
The neqoxec gestures at you.
Something tries to feed on your intellect!
The two-headed ogre barely misses you. You furiously retaliate!
You headbutt the two-headed ogre. The two-headed ogre barely misses you.
Frances hits you with a +3 dire flail.
You barely miss Frances. You headbutt Frances.
Frances is moderately wounded.
Frances screams a word of power!
The shard of ice hits you!!!
* * * LOW HITPOINT WARNING * * *
You block the neqoxec's attack.
Unknown command.
You slice Frances!! You freeze Frances. You headbutt Frances.
Frances is moderately wounded.
You block Frances's attack. You block the two-headed ogre's attack.
The two-headed ogre closely misses you. You block the ynoxinul's attack.
You block the neqoxec's attack.
Frances whispers indecipherable words.
The shard of ice hits you!!
You die...

.* **,,*,>,,,,**,,,,,,*
.#**,,****,..,,,**,,,,* .##,,,*
**##.,,,,,,,,,*
..#,,,***.#...,*,,*,,**
.###.,**......#*****,*
....,,*........####***
..#,,,,...........##
..#*,*,#.......O@..#
..##,*##.......3@.###
...#,*#........3....##
#...,,...............#
##**...,,#...........#
.####.####.#.........#*****
.#.##..#...#........##*,,,**
..........#......$.....,,,,*
..##.#*..##............,,,*****
..#..#*#.##.............,,**,,***


You could see Frances (fast), a two-headed ogre, a neqoxec (summoned) and a
ynoxinul (summoned).

Vanquished Creatures
  Jorgrun (D:12)
  A minotaur (Gauntlet)
  2 two-headed ogres
  A thrashing horror (Gauntlet)
  A skyshark (Lair:2)
  Pikel (D:7)
  An oklob plant (Gauntlet)
  A cyclops (D:11)
  An ugly thing (D:7)
  A manticore (D:12)
  4 elephants (Lair:2)
  A gargoyle (D:10)
  An eye of devastation (Gauntlet)
  7 cane toads
  A rime drake (D:9)
  5 kobold demonologists
  A komodo dragon (Lair:2)
  4 trolls
  3 meliai (Gauntlet)
  2 queen bees
  A polar bear (D:8)
  2 hornets
  3 blink frogs (Lair:2)
  9 slime creatures
  Sigmund (D:4)
  A vampire (D:10)
  A wyvern (Lair:2)
  4 wraiths
  4 small abominations (Gauntlet)
  24 yaks
  A golden eye (Gauntlet)
  A basilisk (Lair:2)
  3 acid dragons
  7 water moccasins
  5 black bears
  6 ice beasts
  A sky beast (D:7)
  2 orc warriors
  A wolf (D:8)
  A phantom (D:6)
  3 centaurs
  3 lemures (D:7)
  5 kobold brigands
  8 bullfrogs
  10 scorpions
  A gnoll sergeant (D:9)
  5 wights (D:9)
  46 killer bees
  5 howler monkeys
  A gnoll bouda (Lair:2)
  4 hounds
  3 jellies
  3 orc priests
  Crazy Yiuf (D:2)
  Terence (D:3)
  2 iguanas (D:5)
  Ijyb (D:3)
  Natasha (thrice) (D:2)
  10 orc wizards
  11 gnolls
  4 adders
  2 shadow imps
  A white imp (D:5)
  2 ufetubi
  5 worms
  A dart slug (D:1)
  42 orcs
  8 bats
  9 endoplasms
  5 giant cockroaches
  4 goblins
  5 hobgoblins
  3 quokkas
  3 training dummies (D:6)
  10 ball pythons
  A frilled lizard (D:2)
  20 kobolds
  5 rats
374 creatures vanquished.

Notes
Turn   | Place    | Note
-------+----------+-------------------------------------------
     0 | D:1      | Peloso the Minotaur Fighter began the quest for the Orb.
     0 | D:1      | Reached XP level 1. HP: 19/19 MP: 0/0
    97 | D:1      | Reached XP level 2. HP: 25/27 MP: 1/1
   383 | D:1      | Found a faded altar of an unknown god.
   589 | D:1      | Reached XP level 3. HP: 33/33 MP: 2/2
  1014 | D:2      | Noticed Natasha
  1020 | D:2      | Killed Natasha
  1021 | D:2      | Reached XP level 4. HP: 40/40 MP: 3/3
  1037 | D:2      | Noticed Natasha
  1042 | D:2      | Killed Natasha
  1205 | D:2      | Noticed Natasha
  1212 | D:2      | Killed Natasha
  1288 | D:2      | Reached XP level 5. HP: 40/47 MP: 4/4
  1361 | D:2      | Found a runed translucent door.
  1362 | D:2      | Noticed Crazy Yiuf
  1591 | D:3      | Reached skill level 5 in Shields
  1633 | D:3      | Found a basalt altar of Yredelemnul.
  1836 | D:3      | Noticed Terence
  1846 | D:3      | Killed Terence
  1847 | D:3      | Reached skill level 5 in Long Blades
  1888 | D:3      | Identified the +5 dagger "Jefarur" {flame, rElec Str-3
                  | Dex+4 Stlth-}
  1900 | D:3      | Noticed Ijyb
  1923 | D:3      | Killed Ijyb
  2332 | D:4      | Reached XP level 6. HP: 50/55 MP: 5/5
  2350 | D:4      | Noticed Sigmund
  2367 | D:5      | Entered Level 5 of the Dungeon
  2375 | D:5      | Reached skill level 5 in Fighting
  2653 | D:5      | Noticed an ice beast
  2666 | D:5      | Killed an ice beast
  2726 | D:5      | Reached skill level 5 in Armour
  2796 | D:5      | Reached XP level 7. HP: 49/61 MP: 6/6
  3417 | D:4      | Killed Sigmund
  3418 | D:4      | Reached skill level 1 in Dodging
  3516 | D:4      | Found a hide-covered altar of Uskayaw.
  3528 | D:4      | Found a glowing golden altar of the Shining One.
  3709 | D:4      | Found an opulent altar of Gozag.
  3726 | D:4      | Identified the +2 falchion of Conformity {freeze, *Rage
                  | rElec rF+ Dex+9}
  3745 | D:4      | Found a staircase to the Ecumenical Temple.
  3751 | Temple   | Entered the Ecumenical Temple
  3768 | Temple   | Became a worshipper of Warmaster Okawaru
  3993 | D:2      | Killed Crazy Yiuf
  4121 | D:6      | Found Ateigg's Book Emporium.
  4130 | D:6      | Reached XP level 8. HP: 70/70 MP: 7/7
  4401 | D:6      | Found Yreoc's Firing Range.
  4555 | D:6      | Reached * piety under Okawaru
  4652 | D:6      | Found a shimmering altar of Xom.
  5045 | D:7      | Noticed Pikel
  5060 | D:7      | Killed Pikel
  5060 | D:7      | Reached ** piety under Okawaru
  5061 | D:7      | Reached XP level 9. HP: 78/78 MP: 8/8
  5066 | D:7      | Found a large runed translucent door.
  5066 | D:7      | Found a large runed translucent door.
  5068 | D:7      | Noticed a kobold demonologist
  5072 | D:7      | Noticed a sun demon
  5078 | D:7      | Killed a kobold demonologist
  5079 | D:7      | Reached skill level 10 in Long Blades
  5276 | D:7      | Found a large runed translucent door.
  5277 | D:7      | Found a large runed translucent door.
  5301 | D:7      | Found a transporter.
  5314 | D:7      | Found a transporter.
  5337 | D:7      | Found an ancient bone altar of Kikubaaqudgha.
  5345 | D:7      | Found a hazy altar of Hepliaklqana.
  5418 | D:7      | Noticed a red ugly thing
  5426 | D:7      | Killed a red ugly thing
  5426 | D:7      | Reached *** piety under Okawaru
  5771 | D:7      | Noticed a troll
  5782 | D:7      | Killed a troll
  6069 | D:8      | Reached XP level 10. HP: 88/88 MP: 9/9
  6125 | D:8      | Reached **** piety under Okawaru
  6163 | D:8      | Found a glowing silver altar of Zin.
  6599 | D:8      | Found a sparkling altar of Nemelex Xobeh.
  6643 | D:9      | Noticed a two-headed ogre
  6652 | D:8      | Killed a two-headed ogre
  6703 | D:8      | Reached skill level 10 in Armour
  6772 | D:8      | Reached skill level 10 in Shields
  7196 | D:9      | Reached ***** piety under Okawaru
  7216 | D:9      | Found a staircase to the Lair.
  7591 | D:9      | Found a runed translucent door.
  7592 | D:9      | Noticed Peloso's ghost (novice MiFi)
  7891 | D:10     | Entered Level 10 of the Dungeon
  7891 | D:10     | Found Waumusorch's Distillery.
  7947 | D:10     | Reached XP level 11. HP: 95/95 MP: 10/10
  8460 | D:11     | Identified the +1 pair of boots of the Shore {rElec rPois
                  | Str+3 Dex+2 SInv} (Okawaru gifted it to you on level 11 of
                  | the Dungeon)
  8460 | D:11     | Received a gift from Okawaru
  8649 | D:11     | Noticed a two-headed ogre
  8927 | D:11     | Killed a two-headed ogre
  9282 | D:11     | Identified the +6 scale mail "Pocairche" {*Slow +Inv Regen+
                  | Dex-2}
  9402 | D:11     | Noticed a sixfirhy
  9535 | Lair:1   | Entered Level 1 of the Lair of Beasts
  9750 | Lair:1   | Reached skill level 1 in Stealth
  9825 | Lair:1   | Reached skill level 1 in Invocations
  9896 | Lair:1   | Identified the +7 chain mail of Patience {rPois rC- Dex+8}
                  | (Okawaru gifted it to you on level 1 of the Lair of Beasts)
  9896 | Lair:1   | Received a gift from Okawaru
  9904 | Lair:1   | Reached XP level 12. HP: 106/106 MP: 12/12
 10360 | Lair:2   | Found a large runed translucent door.
 10439 | Lair:2   | Found a large runed translucent door.
 10465 | Lair:2   | Found a hole to the Spider Nest.
 10475 | Lair:2   | Reached skill level 10 in Fighting
 11326 | Lair:2   | Noticed gabky's ghost (journeyman MiBe)
 11564 | D:12     | Found a gate leading to a gauntlet.
 11575 | D:12     | Reached skill level 5 in Dodging
 11578 | D:12     | Reached ****** piety under Okawaru
 11588 | Gauntlet | Entered a Gauntlet
 11588 | Gauntlet | Found a transporter.
 11591 | Gauntlet | Found a transporter.
 11595 | Gauntlet | Found a transporter.
 11600 | Gauntlet | Found a transporter.
 11607 | Gauntlet | Found a transporter.
 11611 | Gauntlet | Found a transporter.
 11671 | Gauntlet | Found a transporter.
 11681 | Gauntlet | Found a transporter.
 11682 | Gauntlet | Found a transporter.
 11687 | Gauntlet | Found a transporter.
 11694 | Gauntlet | Found a transporter.
 11694 | Gauntlet | Found the +2 cloak of the Thief {*Fog Slay-2 SInv Stlth+}
 11698 | Gauntlet | Found a transporter.
 11703 | Gauntlet | Found a transporter.
 11710 | Gauntlet | Found a transporter.
 12356 | Gauntlet | Identified the +0 kite shield "Gaura" {rCorr Int+5 Dex+2
                  | Slay+3} (Okawaru gifted it to you in a Gauntlet)
 12356 | Gauntlet | Received a gift from Okawaru
 12734 | Gauntlet | Identified the staff of poison "Xodel" {rPois Will+ Str+7
                  | Dex+6}
 12776 | Gauntlet | Identified the +3 leather armour of Ennui {Rampage Regen+
                  | rCorr Str-5}
 12776 | Gauntlet | Noticed a minotaur
 12789 | Gauntlet | Killed a minotaur
 12790 | Gauntlet | Reached XP level 13. HP: 116/116 MP: 13/13
 12845 | Gauntlet | Identified the +0 pair of gloves of Ecaibuim {Rampage
                  | rElec}
 12853 | Gauntlet | Identified the +4 kite shield "Hajash" {Str+4}
 12970 | D:12     | Noticed Jorgrun
 12980 | D:12     | Noticed Frances
 12988 | D:12     | Killed Jorgrun
 12988 | D:12     | Gained mutation: Your magical capacity is low. (-10% MP) [a
                  | neqoxec]
 12993 | D:12     | HP: 5/117 [Frances/shard of ice (40)]
 12994 | D:12     | Killed from afar by Frances

Illustrated notes

Levels and vault maps discovered:
D:1:      dpeg_arrival_lava_altar, layout_basic,
          chequers_ecumenical_altar_twisty
D:2:      minmay_angry_zag, layout_loops_ring, due_unseen_surprise,
          uniq_crazy_yiuf_cottage, uniq_natasha
D:3:      layout_basic, mainiacjoe_overflow_six_doors_small, uniq_ijyb,
          uniq_terence
D:4:      layout_rooms, amethyst_overflow_temple_binary,
          mainiacjoe_overflow_catwalk, minmay_temple_entry_fiery, uniq_sigmund
D:5:      wad_crossroads, layout_basic
D:6:      layout_rooms, mainiacjoe_overflow_paths, serial_shops,
          nicolae_shop_advertising_works [nicolae_subvault_shop_adworks],
          nicolae_shop_firing_range
D:7:      layout_loops_cross, gammafunk_temple_overflow_arena,
          minmay_hollow_rounded_squares, uniq_pikel
D:8:      layout_rooms, nemelex_spade_bored_becter, mainiacjoe_overflow_alcove_1
D:9:      layout_loops_cross, hellmonk_lair_entry_icy, ebering_ghost_inner_flame
D:10:     layout_basic, serial_shops, shop_fountains, evilmike_butchery
D:11:     layout_rooms
D:12:     layout_cave_pools, minmay_orc_entry_guard_dogs,
          gauntlet_entry_generic, uniq_jorgrun, uniq_josephine, uniq_frances
Temple:   dshaligram_water_room_temple
Lair:1:   layout_roguey [special_room_bee], lemuel_fruit_fields,
          lemuel_fruit_tree, grunt_megastairs_4
Lair:2:   layout_small_grid, nicolae_spider_entry_non_spiders,
          ebering_ghost_disaster_area, nicolae_lair_lil_pond,
          dreamdust_gnoll_shepherd, infiniplex_staircase_pool_2,
          grunt_megastairs_2

Skill      XL: |  1  2  3  4  5  6  7  8  9 10 11 12 13 |
---------------+----------------------------------------+-----
Shields        | 4 5 6 8 10 12 13 14 | 14.2
Fighting       | 4 5 6 7 8 9 11 | 11.6
Long Blades    | 3 4 5 6 8 9 11 12 13 14 | 14.7
Armour         | 4 5 7 9 10 11 12 | 12.8
Dodging        | 1 2 4 5 |  5.7
Stealth        | 1 |  1.6
Invocations    | 1 |  1.8

Action                     |  1- 3 |  4- 6 |  7- 9 | 10-12 | 13-15 || total
---------------------------+-------+-------+-------+-------+-------++-------
  Melee: Long sword        |    86 |   127 |    52 |       |       ||   265
         Headbutt          |    16 |    27 |    44 |   157 |    12 ||   256
         Falchion          |       |       |   176 |   622 |    44 ||   842
 Invoke: Heroism           |       |       |     1 |     6 |       ||     7
  Evoke: Wand              |       |     1 |       |       |       ||     1
    Use: Potion            |       |     3 |     1 |       |       ||     4
         Scroll            |       |       |     9 |    12 |       ||    21
 Armour: Scale mail        |    18 |       |       |    93 |     7 ||   118
         Chain mail        |    27 |    58 |    89 |    55 |       ||   229
         Plate armour      |       |       |       |     6 |       ||     6
  Dodge: Dodged            |    34 |    49 |    87 |   215 |    10 ||   395
  Block: Buckler           |    27 |    36 |    89 |   368 |       ||   520
         Reflection        |       |       |       |    10 |       ||    10
         Kite shield       |       |       |       |    29 |    38 ||    67
